 Dungeon Crawl Stone Soup version 0.18.1-8-gdd0e5ea (webtiles) character file.

603 Trypek the Covered (level 7, 0/58 HPs)
             Began as a Hill Orc Gladiator on May 27, 2016.
             Slain by Duvessa
             ... wielding a +4 short sword of protection
              (8 damage)
             ... on level 4 of the Dungeon.
             The game lasted 00:23:19 (3271 turns).

Trypek the Covered (Hill Orc Gladiator)             Turns: 3271, Time: 00:23:20

Health: 0/58       AC:  5    Str: 20    XL:     7   Next: 42%
Magic:  7/7        EV: 12    Int: 13    God:
Gold:   222        SH:  0    Dex: 13    Spells: 0 memorised, 6 levels left

rFire  . . .     SeeInvis .     a - +0 rapier
rCold  . . .     Gourm    .     o - +0 ring mail (curse)
rNeg   . . .     Faith    .     (no shield)
rPois  .         Spirit   .     (helmet restricted)
rElec  .         Dismiss  .     (no cloak)
rCorr  .         Reflect  .     (no gloves)
SustAt .         Harm     .     (no boots)
MR     .....                    (no amulet)
Stlth  ..........               (no ring)
                                y - ring of loudness (curse)

@: brilliant, drained, not resistant to hostile enchantments, extremely
unstealthy
A: horns 1, agile 1, regeneration 1
a: no special abilities


You were on level 4 of the Dungeon.
You were not hungry.

You visited 1 branch of the dungeon, and saw 4 of its levels.

You collected 222 gold pieces.

Inventory:

Hand Weapons
 a - a +0 rapier (weapon)
 f - a +0 spear
 g - a +0 long sword
 h - a +0 dagger
 j - a +1 vampiric spear
 k - a +1 antimagic dagger
 p - a +0 halberd
 r - a +0 flail
Missiles
 d - 6 throwing nets (quivered)
Armour
 b - a +0 leather armour
 c - a +0 helmet
 i - a +0 leather armour
 o - a cursed +0 ring mail (worn)
 s - a +0 ring mail
 w - a +0 leather armour
Jewellery
 y - a cursed ring of loudness (left hand)
Wands
 C - a wand of iceblast (4/15)
Scrolls
 e - 2 scrolls of remove curse {unknown}
 l - a scroll of fear {unknown}
 m - 2 scrolls of immolation {unknown}
 q - 2 scrolls of identify {unknown}
 u - 2 scrolls of teleportation {unknown}
Potions
 A - a potion of heal wounds
Comestibles
 n - a bread ration
 t - 3 slices of pizza
 B - 3 fruits


   Skills:
 + Level 3.7(2.9) Fighting
 + Level 4.4(3.5) Short Blades
 + Level 2.0(1.2) Throwing
 + Level 4.5(3.7) Armour
 + Level 4.4(3.5) Dodging
 + Level 0.5(0.0) Stealth
 + Level 1.3(0.5) Evocations


You had 6 spell levels left.
You didn't know any spells.

Dungeon Overview and Level Annotations

Branches:
Dungeon (4/15)
 Temple: D:4-7

Altars:
Cheibriados
Sif Muna
Trog
Xom
The Shining One

Annotations:
D:4 Dowan, Duvessa


Innate Abilities, Weirdness & Mutations

You have a pair of small horns on your head.
You are agile. (Dex +2)
Your natural rate of healing is unusually fast.


Message History

Duvessa barely misses you.
Duvessa hits you with a short sword of protection!
* * * LOW HITPOINT WARNING * * *
Duvessa says, "When magic and the sword combine, nothing stands against them."
Duvessa hits you with a short sword of protection!
* * * LOW HITPOINT WARNING * * *
Drink which item? (? for menu, Esc to quit)
You feel better.
Duvessa hits you with a short sword of protection.
* * * LOW HITPOINT WARNING * * *
Drink which item? (? for menu, Esc to quit)
You can't drink that!
Drink which item? (? for menu, Esc to quit)
It was a potion of brilliance.
You feel clever all of a sudden. Duvessa closely misses you.
Dowan mumbles some strange words.
Dowan blinks!
Duvessa closely misses you.
Duvessa hits you with a short sword of protection!
You die...

#.........# #.....)...#
#.........# #.........#
#.........# ..........#
###
.......#########.###.#
.......'.e...ยง.e.....#
.......####.....@#####
.....................>..
..####.####....####...##
..# #.# #..)... ..# ..(
#.# #..?###. ## .... #.#
#.... # #.# #...## ...


You could see Duvessa and Dowan.

Vanquished Creatures
  2 eyes of draining (D:4)
  A crimson imp (D:3)
  Natasha (twice) (D:2)
  4 orc wizards
  2 worker ants (D:4)
  4 gnolls (D:2)
  8 adders
  5 giant geckos
  3 orcs (D:4)
  11 bats
  3 giant cockroaches (D:1)
  8 goblins
  4 hobgoblins
  6 jackals
  7 kobolds
  2 quokkas
  A ball python (D:1)
  A ball python skeleton (D:4)
  5 giant newts
  5 rats (D:2)
84 creatures vanquished.

Notes
Turn   | Place    | Note
--------------------------------------------------------------
     0 | D:1      | Trypek the Hill Orc Gladiator began the quest for the Orb.
     0 | D:1      | Reached XP level 1. HP: 18/18 MP: 1/1
   136 | D:1      | Reached XP level 2. HP: 19/25 MP: 2/2
   472 | D:1      | Reached XP level 3. HP: 30/30 MP: 3/3
  1497 | D:2      | Reached skill level 1 in Armour
  1497 | D:2      | Reached XP level 4. HP: 28/38 MP: 4/4
  1760 | D:2      | Gained mutation: Your natural rate of healing is unusually fast. [potion of mutation]
  1760 | D:2      | Gained mutation: You have a pair of small horns on your head. [potion of mutation]
  1760 | D:2      | Gained mutation: You are agile. (Dex +2) [potion of mutation]
  1769 | D:2      | Reached XP level 5. HP: 18/45 MP: 5/5
  1774 | D:2      | Found a glowing golden altar of the Shining One.
  1781 | D:2      | Found a snail-covered altar of Cheibriados.
  1808 | D:2      | Found a shimmering altar of Xom.
  1845 | D:2      | Noticed Natasha
  1858 | D:2      | Killed Natasha
  2074 | D:2      | Noticed Natasha
  2080 | D:2      | Killed Natasha
  2581 | D:3      | Found a deep blue altar of Sif Muna.
  2602 | D:3      | Reached XP level 6. HP: 51/51 MP: 6/6
  2779 | D:3      | Found a faded altar to an unknown god.
  2956 | D:4      | Found a bloodstained altar of Trog.
  2956 | D:4      | Noticed an eye of draining
  2958 | D:4      | Noticed an eye of draining
  2988 | D:4      | Killed an eye of draining
  2988 | D:4      | Reached skill level 1 in Evocations
  3000 | D:4      | Killed an eye of draining
  3000 | D:4      | Reached XP level 7. HP: 57/57 MP: 0/7
  3248 | D:4      | Noticed Duvessa
  3248 | D:4      | Noticed Dowan
  3268 | D:4      | HP: 1/58 [Duvessa/short sword of protection (10)]
  3271 | D:4      | Slain by Duvessa

Skill      XL: |  1  2  3  4  5  6 |
---------------+-------------------+-----
Dodging        | 3 4 |  4.4
Fighting       | 3 |  3.7
Armour         | 1 2 3 4 |  4.5
Short Blades   | 4 |  4.4
Evocations     | 1 |  1.3
Throwing       | 2 |  2.0
Stealth        | |  0.5

Action                   |  1- 3 |  4- 6 |  7- 9 || total
-------------------------+-------+-------+-------++-------
Melee: Rapier            |   156 |   159 |    70 ||   385
       Headbutt          |       |    27 |     9 ||    36
Throw: Throwing net      |       |     1 |       ||     1
Evoke: Wand              |       |    12 |     3 ||    15
  Use: Scroll            |     2 |       |       ||     2
       Potion            |     2 |     3 |     3 ||     8
  Eat: Bread ration      |     1 |       |       ||     1
       Fruit             |       |     2 |       ||     2
       Meat ration       |       |     1 |       ||     1
Armor: Leather armour    |    32 |       |       ||    32
       Ring mail         |    39 |    40 |    24 ||   103
Dodge: Dodged            |   141 |    82 |    49 ||   272
